 Dungeon Crawl Stone Soup version 0.30-a0-210-g01b79a254e (webtiles) character file.

Game seed: 16360254514553029791

291 Sobieck the Cutter (level 6, -1/35 HPs)
             Began as a Kobold Gladiator on Oct 4, 2022.
             Slain by an orc
             ... wielding a +3 flail of holy wrath
              (5 damage)
             ... on level 4 of the Dungeon.
             The game lasted 00:05:59 (2945 turns).

Sobieck the Cutter (Kobold Gladiator)               Turns: 2945, Time: 00:05:59

Health: -1/35      AC:  6    Str: 11    XL:     6   Next: 58%
Magic:  6/6        EV: 16    Int: 10    God:
Gold:   195        SH:  0    Dex: 18    Spells: 5/5 levels left

rFire   . . .      SeeInvis .    a - +0 rapier {short}
rCold   . . .      Faith    .    (no shield)
rNeg    + . .      Spirit   .    b - +0 leather armour
rPois   .          Reflect  .    c - +1 helmet
rElec   .          Harm     .    g - scarf {repulsion}
rCorr   .          Rampage  .    v - +0 pair of gloves
Will    .....                    (no boots)
Stlth   ++++......               (no amulet)
HPRegen 0.25/turn                f - ring of positive energy
MPRegen 0.10/turn                (no ring)

@: mighty, lethally poisoned (-1 -> -3), studying Maces & Flails, repel missiles
A: small, no large weapons, nightstalker 3
a: no special abilities


You were on level 4 of the Dungeon.
You visited 1 branch of the dungeon, and saw 4 of its levels.

You collected 195 gold pieces.


Innate Abilities, Weirdness & Mutations

You are small and have problems with some larger weapons.
You are completely attuned to the shadows.


   Skills:
 - Level 2.1 Fighting
 + Level 7.2 Short Blades
 - Level 2.1 Throwing
 + Level 4.0 Dodging
 + Level 5.3 Stealth


You had 5 spell levels left.
You didn't know any spells.
Your spell library contained the following spells:

 Spells                   Type           Power      Damage    Failure   Level
 Beastly Appendage        Tmut           0%         N/A       45%         1
 Sublimation of Blood     Necr           0%         N/A       58%         2
 Wereblood                Tmut           0%         N/A       58%         2
 Ozocubu's Armour         Ice            0%         N/A       83%         3
 Spider Form              Tmut/Pois      0%         N/A       83%         3
 Metabolic Englaciation   Hex/Ice        0%         N/A       100%        5
 Simulacrum               Ice/Necr       0%         N/A       100%        6
 Summon Hydra             Summ           0%         N/A       100%        7

Inventory:

Hand Weapons
 a - a +0 rapier (weapon) {short}
Missiles
 d - 3 throwing nets (quivered) {=f!fthrowing}
 e - 2 boomerangs {throwing}
 l - 56 stones {throwing}
Armour
 b - a +0 leather armour (worn)
 c - a +1 helmet (worn)
 g - a scarf of repulsion (worn)
   (You found it on level 1 of the Dungeon)
 h - a +0 robe
   (You found it on level 1 of the Dungeon)
 v - a +0 pair of gloves (worn)
   (You found it on level 2 of the Dungeon)
 w - a +0 ring mail
   (You found it on level 3 of the Dungeon)
 y - a +0 scale mail
   (You found it on level 3 of the Dungeon)
Jewellery
 f - a ring of positive energy (left hand)
   (You found it on level 1 of the Dungeon)
 j - a ring of ice
   (You found it on level 1 of the Dungeon)
Scrolls
 m - a scroll of noise {!r}
 o - a scroll of fear
Potions
 i - a potion of curing {@q1}
 n - 2 potions of might
 q - a potion of heal wounds {unknown}
 r - a potion of degeneration {unknown}
 s - a potion of attraction {unknown}
 x - a potion of haste {unknown}
 z - 3 potions of berserk rage {unknown}

Dungeon Overview and Level Annotations

Branches:
Dungeon (4/15) Zot: 21059
 Temple: D:4-7

Altars:

#.#####........ #.#
#...##.#### #.# #.#.##.#
#.# #.#.##†#
#####.###.#.##.#
#...........##.#
#.###.###... #.# #######.
#.# #.# #...##)####.#.....
##.###..
....†.)@o.........
).......###...######.#.###
.#.#### #...# ###.# .#.#
#...# #o# .#.# #...# #o#
.#[########...# ...
.#............#
.#####......>.## .#
#.######..#


You could see an orc.


Message History

Unknown command.
You barely miss the orc wizard. The orc wizard barely misses you.
Unknown command.
You hit the orc wizard but do no damage.
The orc hits you with a +0 mace.
You completely miss the orc wizard.
The orc wizard hits you with a +0 trident!
The orc barely misses you.
Unknown command.
You closely miss the orc wizard.
The orc wizard gestures wildly while chanting.
The orc wizard flickers and vanishes!
Deactivating autopickup; reactivate with Ctrl-A.
The orc closely misses you.
Unknown command.
Something hits you but does no damage.
Unknown command.
Something barely misses you.
The orc unwields a +0 mace.
The orc wields a +0 sling.
The orc shoots a sling bullet.
The sling bullet misses you.
You hear some strange, mumbled words.
You are confused.
The orc shoots a sling bullet.
The sling bullet misses you.
You bump into the rock wall.
Unknown command.
Something hits you.
The orc shoots a sling bullet.
The sling bullet closely misses you.
You're too confused to move!
Something hits you!
* * * LOW HITPOINT WARNING * * *
The orc shoots a sling bullet.
The sling bullet misses you.
You miss something. Something barely misses you.
You bump into the rock wall.
The orc shoots a sling bullet.
The sling bullet misses you. Something hits you.
* * * LOW HITPOINT WARNING * * *
Unknown command.
You're too confused to move!
Something barely misses you.
You feel better.
The orc shoots a sling bullet.
Something hits you.
* * * LOW HITPOINT WARNING * * *
Danger!
You feel very mighty all of a sudden. Something hits you.
* * * LOW HITPOINT WARNING * * *
Unknown command.
Unknown command.
You hit something. Something hits you!
* * * LOW HITPOINT WARNING * * *
You barely miss something. Something hits you.
* * * LOW HITPOINT WARNING * * *
Unknown command.
You barely miss something.
The orc shoots a sling bullet.
The sling bullet misses you. Something hits you but does no damage.
Unknown command.
You puncture something!
The orc shoots a sling bullet.
The sling bullet closely misses you.
Unknown command.
You miss something. Something barely misses you.
The orc shoots a sling bullet.
The sling bullet barely misses you.
You feel better. Something hits you!
* * * LOW HITPOINT WARNING * * *
The orc shoots a sling bullet.
Unknown command.
Unknown command.
You feel better.
You hear some strange, mumbled words.
A magic dart appears from out of thin air!
The magic dart hits you!
* * * LOW HITPOINT WARNING * * *
The orc shoots a sling bullet.
Reactivating autopickup.
You feel a bit more experienced.
Your Dodging skill increases to level 4!
Unknown command.
The orc hits you but does no damage.
You are poisoned.
The orc unwields a +0 sling.
The orc wields a +0 mace.
The orc closely misses you.
Things that are here:
a +0 trident {polearm}; a +0 robe; an orc corpse You puncture the orc!
You kill the orc!
* * * LOW HITPOINT WARNING * * *
You feel sick.
The orc throws a stone.
The stone closely misses you.
Unknown command.
You completely miss the orc.
You feel sick.
The orc throws a stone.
The stone misses you. The orc hits you but does no damage.
Unknown command.
You hit the orc.
You feel sick.
The orc throws a stone.
The stone closely misses you. The orc misses you.
Unknown command.
You hit the orc.
You feel sick.
Unknown command.
You puncture the orc!
You kill the orc!
You feel sick.
The orc throws a stone.
The stone hits you but does no damage.
Unknown command.
You feel sick.
The orc hits you with a +3 flail of holy wrath.
You die...

Skill      XL: |  1  2  3  4  5  6 |
---------------+-------------------+-----
Stealth        | 1 2 3 5 |  5.3
Short Blades   | 5 6 7 |  7.2
Dodging        | 4 |  4.0
Fighting       | |  2.1
Throwing       | |  2.1

Action                   |  1- 3 |  4- 6 || total
-------------------------+-------+-------++-------
Melee: Rapier            |    64 |   114 ||   178
       Punch             |     1 |       ||     1
  Use: Scroll            |       |     8 ||     8
       Potion            |       |     4 ||     4
 Stab: Sleeping          |    16 |    14 ||    30
Armor: Leather armour    |    13 |    27 ||    40
Dodge: Dodged            |    61 |    93 ||   154

Levels and vault maps discovered:
D:1:      eino_arrival_water_star, layout_rooms,
          hellmonk_ecumenical_altar_run_dry, serial_bayou_pond_b, st_stairs_14
D:2:      layout_basic
D:3:      layout_rooms, uniq_pargi
D:4:      layout_loops_ring, ebering_ghost_sewer_d, uniq_natasha

Notes
Turn   | Place    | Note
-------+----------+-------------------------------------------
     0 | D:1      | Sobieck the Kobold Gladiator began the quest for the Orb.
     0 | D:1      | Reached XP level 1. HP: 12/12 MP: 1/1
    94 | D:1      | You pick up a book of Changes and begin reading...
    94 | D:1      | You add the spells Beastly Appendage, Wereblood and Spider
                  | Form to your library.
   127 | D:1      | Reached skill level 1 in Stealth
   187 | D:1      | Reached XP level 2. HP: 17/17 MP: 2/2
   211 | D:1      | You pick up a book of Blood and begin reading...
   211 | D:1      | You add the spells Sublimation of Blood and Summon Hydra to
                  | your library.
   220 | D:1      | Found a faded altar of an unknown god.
   236 | D:1      | Reached skill level 2 in Stealth
   285 | D:1      | Reached XP level 3. HP: 18/21 MP: 3/3
   518 | D:1      | Reached skill level 5 in Short Blades
   518 | D:1      | Reached skill level 3 in Stealth
   908 | D:2      | Reached XP level 4. HP: 26/26 MP: 4/4
  1217 | D:2      | You pick up a book of Winter and begin reading...
  1217 | D:2      | You add the spells Ozocubu's Armour, Metabolic Englaciation
                  | and Simulacrum to your library.
  1948 | D:3      | Noticed Pargi
  2200 | D:3      | Reached skill level 4 in Stealth
  2540 | D:3      | Killed Pargi
  2541 | D:3      | Reached skill level 6 in Short Blades
  2541 | D:3      | Reached skill level 5 in Stealth
  2541 | D:3      | Reached XP level 5. HP: 22/30 MP: 5/5
  2541 | D:3      | Reached XP level 6. HP: 26/35 MP: 6/6
  2792 | D:4      | Reached skill level 7 in Short Blades
  2933 | D:4      | HP: 8/35 [something (2)]
  2939 | D:4      | Reached skill level 4 in Dodging
  2940 | D:4      | HP: 8/35 [poisoned by an orc]
  2945 | D:4      | HP: 4/35 [poisoned by an orc]
  2945 | D:4      | Slain by an orc

Vanquished Creatures
  Pargi (D:3)
  A scorpion (D:4)
  A gnoll (D:1)
  3 adders
  2 orcs (D:4)
  9 bats
  7 endoplasms
  3 giant cockroaches
  7 goblins
  5 hobgoblins
  4 jackals
  3 quokkas
  11 ball pythons
  2 frilled lizards
  8 kobolds
  8 rats
75 creatures vanquished.

Vanquished Creatures (others)
  An orc wizard (D:4)
  A plant (D:1)
2 creatures vanquished.

Grand Total: 77 creatures vanquished

Table legend:
 A = Non-vault XP
 B = Vault XP
 C = Vault XP percentage of total XP
 D = Non-vault monster count
 E = Vault monster count
 F = Vault count percentage of total count
                 A         B        C        D         E       F
            +---------+---------+-------+---------+---------+-------
      Total |     267 |     149 |  35.8 |      72 |       4 |   5.3
            +---------+---------+-------+---------+---------+-------
        D:1 |      59 |       4 |   6.3 |      28 |       3 |   9.7
        D:2 |      29 |       0 |   0.0 |      19 |       0 |   0.0
        D:3 |      50 |     145 |  74.4 |      16 |       1 |   5.9
        D:4 |     129 |       0 |   0.0 |       9 |       0 |   0.0
            +---------+---------+-------+---------+---------+-------

Illustrated notes

Table legend:
 A = Kills in this place as a percentage of kills in entire the game.
 B = Kills by you in this place as a percentage of kills by you in the entire game.
 C = Kills by friends in this place as a percentage of kills by friends in the entire game.
 D = Other kills in this place as a percentage of other kills in the entire game.
 E = Experience gained in this place as a percentage of experience gained in the entire game.
 F = Experience gained in this place divided by the number of levels of this place that you have seen.
                   A       B       C       D       E      F
               +-------+-------+-------+-------+-------+----------------------
         Total | 100.0 | 100.0 |   N/A | 100.0 | 100.0 | 104.0
       Dungeon | 100.0 | 100.0 |   N/A | 100.0 | 100.0 | 104.0
               +-------+-------+-------+-------+-------+----------------------

Table legend: (Time is in decaauts)
 A = Elapsed time spent in this place.
 B = Non-inter-level travel time spent in this place.
 C = Inter-level travel time spent in this place.
 D = Time resting spent in this place.
 E = Time spent auto-exploring this place.
 F = Levels seen in this place.
 G = Mean time per level.
                   A        B        C        D        E       F      G
               +--------+--------+--------+--------+--------+-----+--------+
         Total |   2939 |   2792 |    147 |    101 |   2048 |   4 |  734.8 |
       Dungeon |   2939 |   2792 |    147 |    101 |   2048 |   4 |  734.8 |
               +--------+--------+--------+--------+--------+-----+--------+

Top non-repeatable levels by time:
     D:2: 1176 daAuts
     D:3: 750 daAuts
     D:1: 736 daAuts
     D:4: 276 daAuts
